 Dungeon Crawl Stone Soup version 0.27-a0-1149-g4505690ab0 (webtiles) character file.

Game seed: 16352783473503503001

6440 st0uf the Basher (level 10, -2/64 HPs)
             Began as a Gargoyle Fighter on May 12, 2021.
             Was an Initiate of Okawaru.
             Killed by divine providence
             ... invoked by an orc priest
              (15 damage)
             ... on level 9 of the Dungeon.
             The game lasted 00:49:23 (9906 turns).

st0uf the Basher (Gargoyle Fighter)                 Turns: 9906, Time: 00:49:24

Health: -2/64      AC: 16    Str: 19    XL:     10   Next: 99%
Magic:  11/11      EV: 10    Int: 19    God:    Okawaru [......]
Gold:   399        SH: 12    Dex: 15    Spells: 9/9 levels left

rFire    + + .     SeeInvis .   P - +4 mace
rCold    . . .     Faith    .   c - +0 kite shield
rNeg     + . .     Spirit   .   z - +0 steam dragon scales
rPois    ∞         Reflect  .   I - +0 helmet
rElec    +         Harm     .   E - +0 cloak
rCorr    .         Rampage  .   (no gloves)
Will     +....                  (no boots)
Stlth    ++........             r - amulet of regeneration
HPRegen  1.20/turn              o - +6 ring of dexterity
MPRegen  0.12/turn              O - ring of Optimism {rF++ Will+ Int+6}

@: no status effects
A: sickness immunity, AC +7, negative energy resistance 1, electricity
resistance, torment resistance 1, petrification resistance
a: Renounce Religion


You were on level 9 of the Dungeon.
You worshipped Okawaru.
Okawaru was noncommittal.
You visited 2 branches of the dungeon, and saw 12 of its levels.
You also visited: Ossuary and Bailey.

You collected 429 gold pieces.
You spent 30 gold pieces at shops.

Inventory:

Hand Weapons
 e - a +2 hand axe of electrocution
 M - a +0 morningstar
 P - a +4 mace (weapon)
Missiles
 f - 227 stones
 j - 42 poisoned darts
 q - 11 boomerangs
 u - a throwing net
 N - a curare-tipped dart
Armour
 b - a +0 scale mail
 c - a +0 kite shield (worn)
 z - +0 steam dragon scales (worn)
 E - a +0 cloak (worn)
 I - a +0 helmet (worn)
Jewellery
 h - a ring of ice
 o - a +6 ring of dexterity (left hand)
 r - an amulet of regeneration (around neck)
 F - an amulet of faith
 O - the ring of Optimism (right hand) {rF++ Will+ Int+6}
   (You found it on level 9 of the Dungeon)

   [ring of intelligence]

   It affects your intelligence (+6).
   It greatly protects you from fire.
   It increases your willpower.
Wands
 G - a wand of paralysis (6) (quivered)
 J - a wand of iceblast (10)
 K - a wand of charming (17)
Scrolls
 i - 5 scrolls of teleportation
 k - 3 scrolls of enchant weapon {unknown}
 l - 2 scrolls of amnesia {unknown}
 p - 5 scrolls of fear {unknown}
 x - 2 scrolls of noise {unknown}
 y - 2 scrolls of magic mapping {unknown}
 A - a scroll of identify
 B - 4 scrolls of enchant armour {unknown}
 C - a scroll of silence {unknown}
 D - 2 scrolls of fog {unknown}
 L - a scroll of blinking {unknown}
Potions
 a - 5 potions of curing
 d - 2 potions of might
 g - a potion of magic
 n - a potion of haste
 s - 4 potions of flight
 t - 4 potions of heal wounds
 v - 4 potions of mutation
 w - 3 potions of brilliance
 H - a potion of invisibility
Miscellaneous
 m - a phial of floods


   Skills:
 + Level 7.8 Fighting
 + Level 10.4 Maces & Flails
 + Level 0.1 Throwing
 + Level 8.1 Armour
 + Level 1.0 Stealth
 + Level 9.7 Shields
 * Level 1.5 Invocations


You had 9 spell levels left.
You didn't know any spells.
Your spell library contained the following spells:

 Spells                   Type           Power      Damage    Failure   Level
 Corona                   Hex            0%         N/A       38%         1
 Freeze                   Ice            0%         1d3       38%         1
 Sting                    Tmut/Pois      0%         1d3       38%         1
 Poisonous Vapours        Pois/Air       0%         N/A       52%         2
 Slow                     Hex            0%         N/A       52%         2
 Frozen Ramparts          Ice            0%         1d2       77%         3
 Ignite Poison            Fire/Tmut/Pois 0%         N/A       77%         3
 Inner Flame              Hex/Fire       0%         N/A       77%         3
 Mephitic Cloud           Conj/Pois/Air  0%         N/A       77%         3
 Ozocubu's Armour         Ice            0%         N/A       77%         3
 Portal Projectile        Hex/Tloc       0%         N/A       77%         3
 Cause Fear               Hex            0%         N/A       99%         4
 Hailstorm                Conj/Ice       0%         3d3       99%         4
 Leda's Liquefaction      Hex/Erth       0%         N/A       99%         4
 Olgreb's Toxic Radiance  Pois           0%         N/A       99%         4
 Metabolic Englaciation   Hex/Ice        0%         N/A       100%        5


Dungeon Overview and Level Annotations

Branches:
Dungeon (11/15)            Temple (1/1) D:4            Lair (0/6) D:9
    Orc (0/2) D:9         Ossuary (visited)          Bailey (visited)

Altars:
Cheibriados
Dithmenos
Elyvilon
Fedhas
Gozag
Hepliaklqana
Kikubaaqudgha
Makhleb
Nemelex Xobeh
Okawaru
Qazlal
Ru
Sif Muna
Trog
Vehumet
Wu Jian
Xom
Yredelemnul
Zin

Shops:
D:7 *


Innate Abilities, Weirdness & Mutations

You are immune to sickness and miasma.
Your stone body is resilient. (AC +7)
You are immune to poison.
You resist negative energy. (rN+)
You are resistant to electric shocks. (rElec)
You are resistant to unholy torment.
You are immune to petrification.


Message History

The orc is moderately wounded.
The orc hits you but does no damage.
The orc priest invokes the aid of Beogh against you.
Beogh smites you!
You hear a shout!
You closely miss the orc.
The orc is moderately wounded.
You hear a shout!
You block the orc's attack.
The orc wizard shouts!
You sock the orc!
You kill the orc!
Okawaru accepts your kill.
The orc priest mumbles some strange prayers to Beogh against you.
Beogh smites you!
An orc comes into view. It is wielding a +0 whip.
Your shield prevents you from hitting the orc priest.
The orc priest calls down the wrath of Beogh upon you.
Beogh smites you!
You hit the orc priest.
The orc priest is heavily wounded.
You block the orc priest's attack.
You hit the orc priest.
The orc priest is heavily wounded.
The orc priest mumbles some strange prayers to Beogh against you.
You easily resist.
The orc priest mumbles some strange prayers to Beogh against you.
Beogh smites you!
* * * LOW HITPOINT WARNING * * *
An orc warrior comes into view. It is wielding a +0 dire flail.
The orc wizard casts a spell at itself.
The orc wizard flickers and vanishes!
Deactivating autopickup; reactivate with Ctrl-A.
There is an open door here.
The orc priest invokes the aid of Beogh against you.
Beogh smites you!
* * * LOW HITPOINT WARNING * * *
The orc priest invokes the aid of Beogh against you.
Beogh smites you!
You die...

#.....##### #.#.# ####.###.#
##....# #>#.###### # # #..
....#.## ## ##))))...# .# #..
####...8#o. #[#####.####.# #.#
#....#. #.#####..##...#..#
##.>..o #........#.#.#..##
##.....# #..#.#.#..##......
##.....8# #..........###.##.
#......### ###@.#.#.#.##.#..##.
#.......).####o.........###....#.
+........)ooo.....#.#.#..........
#.........####..........####...##
.#.......## ##.###.##### ##.##
##.....## ### #.# #.# ##.[.## .#
#.# ##+# #.# #>#


You could see 2 orc priests and an orc.

Vanquished Creatures
  Pikel (D:4)
  3 yaks (D:7)
  A vampire (D:9)
  A wraith (D:9)
  A steam dragon (D:9)
  Edmund (D:4)
  3 wargs (D:9)
  A water moccasin (D:8)
  An ice beast (D:4)
  A sky beast (D:8)
  9 orc warriors
  2 ogres
  A centaur (D:7)
  A phantom (D:7)
  2 kobold brigands
  A bullfrog (D:8)
  2 gnoll sergeants
  10 scorpions
  A water moccasin skeleton (D:4)
  8 wights
  3 howler monkeys
  3 jellies
  5 centaur zombies (Ossuary)
  Crazy Yiuf (D:5)
  2 gnoll shamans
  4 human zombies (Ossuary)
  4 orc priests
  4 hounds
  An iron imp (D:9)
  2 centaur skeletons (D:7)
  Ijyb (D:3)
  5 orc wizards
  2 scorpion zombies (Ossuary)
  3 mummies (Ossuary)
  A howler monkey zombie (D:8)
  32 gnolls
  9 adders
  A white imp (D:7)
  An ufetubus (D:4)
  An adder skeleton (D:4)
  2 worms
  3 dart slugs
  32 orcs
  3 ball pythons
  7 bats
  3 endoplasms (D:1)
  3 giant cockroaches
  A gnoll zombie (Ossuary)
  17 goblins
  24 hobgoblins
  9 jackals
  12 kobolds
  4 quokkas
  4 frilled lizards
  3 hobgoblin zombies (Ossuary)
  4 kobold zombies (Ossuary)
  2 orc zombies (Ossuary)
  5 rats
274 creatures vanquished.

Vanquished Creatures (collateral kills)
  An orc knight (Bailey)
  A gnoll (Bailey)
2 creatures vanquished.

Vanquished Creatures (others)
  A scorpion (Ossuary)
  An orc zombie (Ossuary)
  A plant (D:9)
3 creatures vanquished.

Grand Total: 279 creatures vanquished

Notes
Turn   | Place    | Note
-------+----------+-------------------------------------------
     0 | D:1      | st0uf the Gargoyle Fighter began the quest for the Orb.
     0 | D:1      | Reached XP level 1. HP: 14/14 MP: 1/1
   376 | D:1      | Found a faded altar of an unknown god.
   389 | D:1      | Reached XP level 2. HP: 19/19 MP: 2/2
   750 | D:1      | Reached XP level 3. HP: 23/23 MP: 3/3
  1115 | D:2      | Found an ancient bone altar of Kikubaaqudgha.
  1482 | D:2      | Reached skill level 3 in Maces & Flails
  1482 | D:2      | Reached XP level 4. HP: 18/29 MP: 4/4
  2199 | D:3      | Noticed Ijyb
  2273 | D:3      | Killed Ijyb
  2274 | D:3      | Reached XP level 5. HP: 29/33 MP: 5/5
  2807 | D:4      | Found a sand-covered staircase.
  2812 | Ossuary  | Entered an ossuary
  2832 | Ossuary  | Reached skill level 4 in Maces & Flails
  2846 | Ossuary  | Reached XP level 6. HP: 38/38 MP: 6/6
  2952 | Ossuary  | Reached skill level 5 in Maces & Flails
  3006 | Ossuary  | Reached XP level 7. HP: 43/43 MP: 7/7
  3054 | Ossuary  | Reached skill level 5 in Shields
  3109 | Ossuary  | Reached skill level 5 in Armour
  3133 | Ossuary  | Reached skill level 6 in Maces & Flails
  3269 | Ossuary  | Reached XP level 8. HP: 48/48 MP: 8/8
  3309 | Ossuary  | Reached skill level 5 in Fighting
  3368 | D:4      | Noticed Pikel
  3376 | D:4      | Noticed Edmund
  3412 | D:4      | Killed Pikel
  3413 | D:4      | Reached skill level 7 in Maces & Flails
  3477 | D:4      | Killed Edmund
  3493 | D:4      | Found a staircase to the Ecumenical Temple.
  3503 | Temple   | Entered the Ecumenical Temple
  3805 | D:4      | Reached XP level 9. HP: 43/55 MP: 9/9
  4060 | D:5      | Entered Level 5 of the Dungeon
  4112 | D:5      | Reached skill level 8 in Maces & Flails
  4775 | D:5      | Found a runed translucent door.
  4776 | D:5      | Noticed Crazy Yiuf
  4787 | D:5      | Killed Crazy Yiuf
  5135 | D:6      | Found a white marble altar of Elyvilon.
  5378 | D:6      | Found a blossoming altar of Fedhas.
  6457 | D:7      | Reached skill level 9 in Maces & Flails
  6693 | D:7      | Reached XP level 10. HP: 50/61 MP: 10/10
  6756 | D:7      | Found Feus's General Store.
  6765 | D:7      | Bought a potion of curing for 30 gold pieces
  7182 | D:8      | Found a shimmering blue altar of Sif Muna.
  7521 | D:8      | You fall into a shaft and drop 3 floors!
  7521 | D:11     | Found a flagged portal.
  7524 | Bailey   | Entered a bailey
  8083 | Bailey   | Noticed an orc warlord
  8188 | Bailey   | Noticed an orc knight
  8730 | Bailey   | Killed an orc knight
  8881 | Bailey   | Reached skill level 10 in Maces & Flails
  8921 | D:10     | Entered Level 10 of the Dungeon
  9066 | D:9      | Reached skill level 1 in Stealth
  9078 | D:9      | Identified the ring of Optimism {rF++ Will+ Int+6}
  9153 | D:9      | Found a snail-covered altar of Cheibriados.
  9490 | D:9      | Found an iron altar of Okawaru.
  9496 | D:9      | Became a worshipper of Warmaster Okawaru
  9635 | D:9      | Found a glowing silver altar of Zin.
  9700 | D:9      | Reached skill level 1 in Invocations
  9798 | D:9      | Found a staircase to the Lair.
  9817 | D:9      | Found a staircase to the Orcish Mines.
  9906 | D:9      | Killed from afar by an orc priest

Illustrated notes

Levels and vault maps discovered:
D:1:      scummos_arrival_gate, layout_basic,
          hellmonk_ecumenical_altar_pennies_from_heaven, serial_park_tiny_1
D:2:      layout_loops_ring, basic_altar
D:3:      layout_basic, uniq_ijyb
D:4:      layout_rooms, minmay_temple_entry_grid,
          lightli_ossuary_entry_decrepit_ruins, uniq_pikel, uniq_edmund
D:5:      layout_loops_cross, hex_large, kennysheep_generic_room_14,
          uniq_crazy_yiuf_cottage
D:6:      layout_loops_ring, elyvilon_altar_1, fedhas_altar_fruit_tree,
          chequers_serial_rivers_micro_a
D:7:      layout_basic, serial_shops, shop
D:8:      layout_loops_ring, old_standard_altar
D:9:      layout_loops_corners, okawaru_ov_weapons_minmay, lemuel_tele_altar,
          chei_slow_surprise, erik_lair_orcish_takeover,
          minmay_orc_entry_temple_small, serial_glass, glass_columns_a,
          glass_columns_b, serial_shops, nicolae_shop_trees
D:10:     layout_irregular_city, nicolae_uskayaw_murder_on_the_dancefloor,
          nicolae_overflow_hidden_temple, overflow_temple_1_default,
          serial_column_ruins, column_ruins_open_medium, column_ruins_open_tiny,
          column_ruins_grid_1, column_ruins_grid_2, column_ruins_corridor_water,
          uniq_joseph
D:11:     layout_basic, enter_bailey_5
Temple:   dshaligram_water_room_temple

Skill      XL: |  1  2  3  4  5  6  7  8  9 10 |
---------------+-------------------------------+-----
Maces & Flails | 3 4 5 6 7 9 10 | 10.4
Shields        | 4 5 6 8 9 |  9.7
Armour         | 4 5 6 7 8 |  8.1
Fighting       | 4 5 6 7 |  7.8
Stealth        | 1 |  1.0
Invocations    | 1 |  1.5
Throwing       | |  0.1

Action                   |  1- 3 |  4- 6 |  7- 9 | 10-12 || total
-------------------------+-------+-------+-------+-------++-------
Melee: Flail             |    74 |       |       |       ||    74
       Mace              |    69 |   276 |   672 |   241 ||  1258
       Morningstar       |       |       |       |   364 ||   364
Throw: Boomerang         |       |       |       |     4 ||     4
  Use: Scroll            |       |       |       |    12 ||    12
Armor: Scale mail        |    87 |   153 |   329 |   225 ||   794
       Skin              |       |     5 |       |       ||     5
       Steam dragon scal |       |       |       |     1 ||     1
Dodge: Dodged            |    47 |    94 |   176 |   149 ||   466
Block: Kite shield       |    89 |   137 |   385 |   309 ||   920

Table legend: (Time is in decaauts)
 A = Elapsed time spent in this place.
 B = Non-inter-level travel time spent in this place.
 C = Inter-level travel time spent in this place.
 D = Time resting spent in this place.
 E = Time spent auto-exploring this place.
 F = Levels seen in this place.
 G = Mean time per level.
                   A        B        C        D        E       F      G
               +--------+--------+--------+--------+--------+-----+--------+
         Total |  10278 |   9908 |    370 |    277 |   5124 |  14 |  734.1 |
       Dungeon |   8045 |   7675 |    370 |    202 |   4963 |  11 |  731.4 |
        Temple |    164 |    164 |      0 |      0 |    109 |   1 |  164.0 |
       Ossuary |    641 |    641 |      0 |      0 |     52 |   1 |  641.0 |
        Bailey |   1426 |   1426 |      0 |     74 |      0 |   1 | 1426.0 |
               +--------+--------+--------+--------+--------+-----+--------+

Top non-repeatable levels by time:
  Bailey: 1426 daAuts
     D:2: 1119 daAuts
     D:1: 1053 daAuts
     D:6: 1002 daAuts
     D:7: 888 daAuts
     D:5: 885 daAuts
     D:8: 843 daAuts
     D:3: 775 daAuts
     D:9: 728 daAuts
     D:4: 684 daAuts
 Ossuary: 641 daAuts
  Temple: 164 daAuts
    D:10: 47 daAuts
    D:11: 17 daAuts
